 Dungeon Crawl Stone Soup version 0.30-a0-738-g116ff8c4af (webtiles) character file.

Game seed: 5096193856355044046

5 gelatine the Trooper (level 1, 0/18 HPs)
             Began as a Demonspawn Fighter on Feb 4, 2023.
             Succumbed to a goblin's poison
             ... on level 1 of the Dungeon.
             The game lasted 00:00:19 (303 turns).

gelatine the Trooper (Demonspawn Fighter)            Turns: 303, Time: 00:00:20

Health: 0/18       AC:  6    Str: 16    XL:     1   Next: 66%
Magic:  1/1        EV:  8    Int:  9    God:
Gold:   0          SH:  4    Dex: 12    Spells: 0/0 levels left

rFire   . . .      SeeInvis .    a - +0 war axe
rCold   . . .      Faith    .    c - +0 buckler
rNeg    . . .      Spirit   .    b - +0 scale mail
rPois   .          Reflect  .    (no helmet)
rElec   .          Harm     .    (no cloak)
rCorr   .          Rampage  .    (no gloves)
Will    .....                    (no boots) Stlth
                                 (no amulet)
HPRegen 0.23/turn                (no ring)
MPRegen 0.07/turn                (no ring)

@: lethally poisoned (0 -> -10)
A: no striking features
a: no special abilities


You were on level 1 of the Dungeon.
You visited 1 branch of the dungeon, and saw 1 of its levels.

Inventory:

Hand Weapons
 a - a +0 war axe (weapon)
Armour
 b - a +0 scale mail (worn)
 c - a +0 buckler (worn)
Scrolls
 e - 2 scrolls of noise {unknown}
 f - a scroll of identify {unknown}
Potions
 d - a potion of might


   Skills:
 + Level 3.2 Fighting
 + Level 1.8 Axes
 + Level 2.6 Armour
 + Level 2.8 Shields


You couldn't memorise any spells.
You didn't know any spells.
Your spell library was empty.

Dungeon Overview and Level Annotations

Branches:
Dungeon (1/15)

Altars:


Message History

The ball python hisses angrily.
A ball python is nearby!
You barely miss the ball python. The ball python barely misses you.
You block the ball python's attack.
You slash the ball python!
You kill the ball python!
You see here a ball python corpse.
A rat comes into view.
The rat bites you but does no damage.
You slash the rat!
You kill the rat!
e - 2 scrolls labelled AGUTAO NAAZXYPH (gained 1)
You enter the shallow water.
Moving in this stuff is going to be slow.
You enter the shallow water.
Moving in this stuff is going to be slow.
You enter the shallow water.
Moving in this stuff is going to be slow.
f - a scroll labelled SELOTHROOBE
Found a sling.
A goblin comes into view. It is wielding a +2 dagger of venom.
The goblin shouts!
The goblin hits you with a +2 dagger of venom.
You are poisoned.
You barely miss the goblin.
You feel very sick. The goblin hits you but does no damage.
You are more poisoned.
You miss the goblin.
You feel very sick. The goblin closely misses you.
The goblin hits you with a +2 dagger of venom.
You are more poisoned.
You closely miss the goblin.
* * * LOW HITPOINT WARNING * * *
You feel very sick. You block the goblin's attack.
You slash the goblin!
You kill the goblin!
You die...

#.#..#####.......#
#.#......#....####
#.#.####.#...## ## ###
#.#.####.#..## ##. ...
#.#......#..# ##..
#.##.#####..#..# #...
....### #....####..~
#.)..# ##...# #...~ #
#.@#.# #...# #..~~
##.##.#.# #...# #..~~
#.....#.####...# #..~~
#.....#.#.##.....# #...~
..###.#....#.#...####..~
#..............# #...
#..####..#.....# ##..
..... #..#.....# ##.
###. #.........# ##


There were no monsters in sight!

Vanquished Creatures
  An endoplasm (D:1)
  2 goblins (D:1)
  A ball python (D:1)
  A frilled lizard (D:1)
  A kobold (D:1)
  A rat (D:1)
7 creatures vanquished.

Notes
Turn   | Place    | Note
-------+----------+-------------------------------------------
     0 | D:1      | gelatine the Demonspawn Fighter began the quest for the
                  | Orb.
     0 | D:1      | Reached XP level 1. HP: 18/18 MP: 1/1
   303 | D:1      | Succumbed to a goblin's poison

Illustrated notes

Levels and vault maps discovered:
D:1:      dpeg_arrival_concentric_ovals, layout_basic, serial_bayou_crossing

Action                     || total
---------------------------++-------
  Melee: War axe           ||    18
 Armour: Scale mail        ||     9
  Dodge: Dodged            ||     5
  Block: Buckler           ||     4

Table legend: (Time is in decaauts)
 A = Elapsed time spent in this place.
 B = Non-inter-level travel time spent in this place.
 C = Inter-level travel time spent in this place.
 D = Time resting spent in this place.
 E = Time spent auto-exploring this place.
 F = Levels seen in this place.
 G = Mean time per level.
                   A        B        C        D        E       F      G
               +--------+--------+--------+--------+--------+-----+--------+
         Total |    314 |    314 |      0 |      0 |    252 |   1 |  314.0 |
       Dungeon |    314 |    314 |      0 |      0 |    252 |   1 |  314.0 |
               +--------+--------+--------+--------+--------+-----+--------+

Top non-repeatable levels by time:
     D:1: 314 daAuts
